 Dungeon Crawl Stone Soup version 0.22.0-40-g68aacdc (console) character file.

317 bli the Skirmisher (level 6, -4/38 HPs)
             Began as a Gargoyle Wanderer on Sept 1, 2018.
             Was a Follower of Ru.
             Slain by a gnoll
             ... wielding a +0 halberd
              (11 damage)
             ... on level 4 of the Dungeon.
             The game lasted 00:15:17 (3235 turns).

bli the Skirmisher (Gargoyle Wanderer)              Turns: 3235, Time: 00:15:17

Health: -4/38      AC: 10    Str: 16    XL:     6   Next: 44%
Magic:  7/7        EV: 10    Int: 12    God:    Ru [*.....]
Gold:   362        SH:  0    Dex: 11    Spells: 7/7 levels left

rFire    . . .     SeeInvis .   a - +2 mace (venom)
rCold    . . .     Gourm    .   (no shield)
rNeg     + . .     Faith    .   w - +0 ring mail (curse)
rPois    ∞         Spirit   .   (no helmet)
rElec    +         Reflect  .   (no cloak)
rCorr    .         Harm     .   (no gloves)
MR       .....                  (no boots)
Stlth    +.........             (no amulet)
HPRegen  0.12/turn              (no ring)
MPRegen  0.10/turn              (no ring)

@: no status effects
A: negative energy resistance 1, electricity resistance, unbreathing,
petrification resistance, rot immunity, no air magic, no charms magic, no
necromancy magic, AC +4
a: Renounce Religion


You were on level 4 of the Dungeon.
You worshipped Ru.
Ru was aware of your devotion.
You were hungry.

You visited 1 branch of the dungeon, and saw 4 of its levels.

You collected 362 gold pieces.

Inventory:

Hand Weapons
 a - a +2 mace of venom (weapon)
 b - a +0 shortbow
Missiles
 c - 49 arrows
 g - 369 stones (quivered)
 h - 3 tomahawks
Armour
 e - a +0 robe
 m - a +0 plate armour
 w - a cursed +0 ring mail (worn)
Wands
 x - a wand of flame (29)
Scrolls
 i - 2 scrolls of teleportation {unknown}
 j - 4 scrolls of blinking {unknown}
 p - 2 scrolls of amnesia {unknown}
 q - 4 scrolls of noise {unknown}
 r - a scroll of immolation {unknown}
 s - 6 scrolls of identify {unknown}
 t - 2 scrolls of enchant armour {unknown}
 u - 2 scrolls of fog {unknown}
 v - 4 scrolls of remove curse {unknown}
Potions
 d - a potion of curing
 k - a potion of mutation {unknown}
 o - 2 potions of degeneration {unknown}
 z - 2 potions of invisibility {unknown}
Miscellaneous
 l - a phial of floods
Comestibles
 f - 3 rations


   Skills:
 * Level 4.0 Fighting
 + Level 3.7 Maces & Flails
 - Level 2.0 Bows
 + Level 3.9 Armour
 + Level 1.1 Dodging
 + Level 1.9 Stealth
 - Level 1.0 Spellcasting
   Level 2.1 Conjurations
 + Level 1.0 Evocations


You had 7 spell levels left.
You didn't know any spells.
Your spell library was empty.

Dungeon Overview and Level Annotations

Branches:
Dungeon (4/15)
 Temple: D:4-7

Altars:
Fedhas
Ru


Innate Abilities, Weirdness & Mutations

You are resistant to torment.
Your stone body is resilient. (AC +4)
You are immune to poison.
You resist negative energy. (rN+)
You are resistant to electric shocks. (rElec)
You can survive without breathing.
You are immune to petrification.
You are immune to rotting.
You cannot study or cast Air magic.
You cannot study or cast Charms magic.
You cannot study or cast Necromancy magic.


Message History

The adder skeleton barely misses you. The gnoll barely misses you.
The gnoll closely misses you. The gnoll closely misses you.
The gnoll hits you from afar with a halberd.
The adder skeleton barely misses you. The iguana bites you.
You hit the adder skeleton.
You destroy the adder skeleton!
You sock the iguana!
The iguana is almost dead.
You kill the iguana!
Your Fighting skill increases to level 4!
You hit the gnoll.
The gnoll is heavily wounded.
The gnoll hits you from afar with a halberd!
* * * LOW HITPOINT WARNING * * *
The gnoll hits you but does no damage.
You hit the gnoll but do no damage.
The gnoll is poisoned.
The gnoll is moderately wounded.
The gnoll hits you but does no damage.
The gnoll hits you from afar with a halberd!
You die...

#.# ##....####### #..
#...........## ..
.......######..# ...###.###
#..# ## ##########.##
#.#..#..# ##.##.#### ####
### #...#.#.##...##
#.###..##g...#....##.
########....#.g#...........
#....#........@###g........
##............#..#.#...##.#.
##.............##...##..#
#.................#.....#
###...#...........##.##.#
#....##..........#### .#
###....##...........#..#
#..##.........#......#
##.#.##..††..........#..
##.####..#.##....#........#.
# ##.##
#..#...##............#. ##.


You could see 2 gnolls.

Vanquished Creatures
  An iguana (D:4)
  6 adders
  7 gnolls (D:3)
  2 oozes
  An adder skeleton (D:4)
  2 worms
  2 dart slugs
  2 leopard geckos (D:3)
  7 orcs (D:3)
  A ball python (D:2)
  8 bats
  4 giant cockroaches
  31 goblins
  27 hobgoblins
  5 jackals
  10 kobolds
  A quokka (D:3)
  2 frilled lizards
  8 rats
127 creatures vanquished.

Vanquished Creatures (others)
  A goblin (D:3)
1 creature vanquished.

Grand Total: 128 creatures vanquished

Notes
Turn   | Place    | Note
-------+----------+-------------------------------------------
     0 | D:1      | bli the Gargoyle Wanderer began the quest for the Orb.
     0 | D:1      | bli set off with: a phial of floods, a +0 shortbow, 27 arrows, a potion of curing, a +0 robe, a ration
     0 | D:1      | Reached XP level 1. HP: 10/10 MP: 2/2
    65 | D:1      | Reached skill level 1 in Fighting
    78 | D:1      | Reached XP level 2. HP: 12/16 MP: 3/3
   531 | D:2      | Reached skill level 2 in Fighting
   576 | D:2      | Reached XP level 3. HP: 21/21 MP: 4/4
   694 | D:2      | Reached skill level 1 in Maces & Flails
   841 | D:2      | Reached XP level 4. HP: 16/27 MP: 5/5
  1167 | D:2      | Found a sacrificial altar of Ru.
  1175 | D:2      | Became a worshipper of Ru the Awakened
  1479 | D:3      | Reached skill level 1 in Dodging
  1485 | D:3      | Found a blossoming altar of Fedhas.
  1745 | D:3      | Found a faded altar of an unknown god.
  1789 | D:3      | Reached XP level 5. HP: 30/32 MP: 6/6
  2080 | D:3      | Gained mutation: You cannot study or cast Air magic. [Ru sacrifice]
  2080 | D:3      | Gained mutation: You cannot study or cast Necromancy magic. [Ru sacrifice]
  2080 | D:3      | Gained mutation: You cannot study or cast Charms magic. [Ru sacrifice]
  2080 | D:3      | Reached * piety under Ru
  2120 | D:3      | Reached skill level 3 in Fighting
  2336 | D:3      | Reached XP level 6. HP: 32/38 MP: 7/7
  3232 | D:4      | Reached skill level 4 in Fighting
  3235 | D:4      | Slain by a gnoll

Skill      XL: |  1  2  3  4  5  6 |
---------------+-------------------+-----
Fighting       | 1 2 3 4 |  4.0
Maces & Flails | 1 2 3 |  3.7
Dodging        | 1 |  1.1
Bows           | |  2.0
Armour         | |  3.9
Stealth        | |  1.9
Spellcasting   | |  1.0
Conjurations   | |  2.1
Evocations     | |  1.0

Action                   |  1- 3 |  4- 6 || total
-------------------------+-------+-------++-------
Melee: Mace              |    55 |   227 ||   282
 Fire: Shortbow          |     7 |    12 ||    19
Throw: Stone             |       |    11 ||    11
Invok: Sacrifice Arcana  |       |     1 ||     1
  Use: Potion            |       |     2 ||     2
 Stab: Sleeping          |     1 |       ||     1
  Eat: Chunk             |       |     7 ||     7
Armor: Robe              |    20 |     1 ||    21
       Ring mail         |       |   131 ||   131
Dodge: Dodged            |    34 |   146 ||   180
